 Dungeon Crawl Stone Soup version 0.32-a0-975-g85d4e5bfdb (webtiles) character file.

Game seed: 14535972730434817950

78539 bobo the Severer (level 15, -2/150 HPs)
             Began as a Minotaur Berserker on Apr 18, 2024.
             Was an Elder of Trog.
             Slain by Arachne
             ... wielding a staff of alchemy
              (6 damage)
             ... on level 2 of the Spider Nest on Apr 19, 2024.
             The game lasted 01:06:03 (21031 turns).

bobo the Severer (Minotaur Berserker)              Turns: 21031, Time: 01:06:03

Health: -2/150     AC: 19    Str: 31    XL:     15   Next: 18%
Magic:  14/14      EV:  6    Int:  4    God:    Trog [****..]
Gold:   1729       SH:  0    Dex: 11    Spells: 14/14 levels left

rFire   + + .        w - +6 battleaxe (elec)
rCold   . . .        (shield currently unavailable)
rNeg    . . .        E - +2 ring mail {rPois}
rPois   +            r - +2 hat
rElec   +            M - +1 cloak of Vehumet's Approval {rElec rF++}
rCorr   +            O - +2 pair of gloves {Str+3}
SInv    .            n - +2 pair of boots
Will    +++..        J - amulet of regeneration
Stlth   ++           v - ring of resist corrosion
HPRegen 2.25/turn    p - ring of Shadows {Umbra +Inv Stlth+}
MPRegen 0.14/turn

%: no passive effects
@: lethally poisoned (-2 -> -2), marked, strong-willed, on berserk cooldown,
held, regenerating, slowed, wreathed by umbra, very slow
A: horns 2, retaliatory headbutt
a: Renounce Religion, Evoke Invisibility, Berserk, Trog's Hand, Brothers in Arms


You were on level 2 of the Spider Nest.
You worshipped Trog.
Trog was greatly pleased with you.
You visited 5 branches of the dungeon, and saw 20 of its levels.
You also visited: Sewer, Gauntlet and Ice Cave.

You collected 2501 gold pieces.
You spent 772 gold pieces at shops.

Inventory:

Hand Weapons
 u - a +0 flail of draining
 w - a +6 battleaxe of electrocution (weapon)
 C - a +3 battleaxe of draining
Missiles
 j - a boomerang (quivered)
 t - 9 javelins
Armour
 n - a +2 pair of boots (worn)
 r - a +2 hat (worn)
 E - a +2 ring mail of poison resistance (worn)
 M - the +1 cloak of Vehumet's Approval (worn) {rElec rF++}
   (You found it in a Gauntlet)

   rF++:      It greatly protects you from fire.
   rElec:     It insulates you from electricity.
 N - quicksilver dragon scales
 O - a +2 pair of gloves of strength (worn)
Jewellery
 p - the ring of Shadows (right hand) {Umbra +Inv Stlth+}
   (You found it in an ice cave)

   [ring of stealth]

   Umbra:     It surrounds you with an aura of shadow, increasing your stealth
   and reducing the accuracy of all others within it.
   +Inv:      It lets you turn invisible.
   Stlth+:    It makes you more stealthy.
 v - a ring of resist corrosion (left hand)
 J - an amulet of regeneration (around neck)
Wands
 q - a wand of mindburst (14)
 D - a wand of flame (53)
 G - a wand of charming (14)
 H - a wand of digging (1)
 I - a wand of polymorph (7)
 R - a wand of iceblast (12)
Scrolls
 l - 2 scrolls of revelation
 m - 2 scrolls of poison
 o - 8 scrolls of teleportation
 s - 2 scrolls of fear
 A - 3 scrolls of vulnerability
 B - 2 scrolls of silence
 U - 3 scrolls of fog {unknown}
Potions
 a - 7 potions of mutation
 b - 3 potions of lignification
 c - a potion of cancellation {unknown}
 d - a potion of heal wounds
 f - 9 potions of curing
 g - 7 potions of haste
 h - a potion of ambrosia {unknown}
 i - 2 potions of magic
 k - 2 potions of enlightenment
 x - a potion of berserk rage {unknown}
 z - a potion of might {unknown}
 F - 5 potions of resistance
Miscellaneous
 K - a phial of floods
 L - a phantom mirror
 P - a condenser vane


   Skills:
 + Level 18.4 Fighting
 + Level 19.1 Axes
 - Level 9.0 Throwing
 - Level 7.0 Armour
 - Level 6.3 Dodging
 + Level 10.3 Evocations


You had 14 spell levels left.
You didn't know any spells.
Your spell library was empty.

Dungeon Overview and Level Annotations

Branches:
Dungeon (10/15)            Temple (0/1) D:4            Lair (5/5) D:10
  Swamp (1/4) Lair:2       Spider (2/4) Lair:3        Slime (0/5) Lair:5
    Orc (2/2) D:10            Elf (0/3) Orc:2         Sewer (visited)
  IceCv (visited)         Gauntlet (visited)

Altars:
Ashenzari
Cheibriados
Elyvilon
Gozag
Hepliaklqana
Kikubaaqudgha
Okawaru
Trog
Beogh
Jiyva

Shops:
D:2 =   D:4 *   D:5 *[

Annotations:
D:3 1 exclusion
D:9 1 transporter
Lair:5 exclusion: 2 oklob plants
Swamp:1 Nikola
Spider:2 Arachne


Innate Abilities, Weirdness & Mutations

You have a pair of horns on your head.
You reflexively headbutt those who attack you in melee.


Message History

Arachne casts a spell at you. The poison arrow hits you.
You are poisoned.
You partially resist. The demonic crawler closely misses you.
The demonic crawler hits you!
* * * LOW HITPOINT WARNING * * *
The demonic crawler hits you!
* * * LOW HITPOINT WARNING * * *
You barely miss the demonic crawler.
The demonic crawler is heavily wounded.
You feel sick.
You slash the demonic crawler!
The demonic crawler is severely wounded.
You feel very sick.
Arachne points her staff at you, shooting a stream of webbing.
The stream of webbing hits you but does no damage.
You are caught in a web!
The demonic crawler hits you but does no damage.
The demonic crawler barely misses you. x2
You struggle to detach yourself from the web.
You feel sick.
A wolf spider comes into view.
The demonic crawler barely misses you. x2
The demonic crawler hits you but does no damage.
You struggle to detach yourself from the web.
You feel a strong urge to attack something.
You feel sick. Arachne hits you but does no damage. Arachne envenoms you.
* * * LOW HITPOINT WARNING * * *
You struggle to detach yourself from the web.
You are no longer berserk.
You are exhausted.
You feel yourself slow down.
You feel sick. The demonic crawler hits you.
* * * LOW HITPOINT WARNING * * *
The demonic crawler hits you but does no damage. x2
A jumping spider comes into view.
Arachne hits you with a staff of alchemy!
* * * LOW HITPOINT WARNING * * *
Arachne envenoms you.
You die...
Arachne says, "All wrapped up."

......#
.....##
......#
......##
#......##
#.......s
##.....s#
##†@Hs...#
####..#s....#
#.....##....#
#####..#^...#
#.^# ...^#
##.# #..##
#.## ### #..#
#.†#


You could see Arachne, a demonic crawler, a wolf spider, a jumping spider and a
tarantella.

Vanquished Creatures
  A reaper (IceCv)
  A bunyip (Swamp:1)
  2 eleionomae (Swamp:1)
  An entropy weaver (Spider:2)
  Josephine (Lair:5)
  5 hydras
  3 catoblepae
  4 boulder beetles
  3 demonic crawlers (Spider:2)
  Amaemon (Lair:3)
  A skyshark (Lair:4)
  An orb spider (Spider:2)
  3 steelbarb worms (Spider:1)
  Pikel (D:6)
  A swamp dragon (Lair:2)
  A lindwurm (Lair:5)
  2 obsidian bats (Orc:2)
  6 deep elf pyromancers (Orc:1)
  3 deep elf zephyrmancers (Orc:1)
  5 wolf spiders
  An oklob plant (Lair:4)
  A moth of wrath (Spider:2)
  An orc sorcerer (Orc:2)
  2 manticores (Lair:5)
  14 elephants
  Joseph (D:9)
  8 black mambas
  An ice statue (IceCv)
  An orange demon (Lair:3)
  3 torpor snails
  13 cane toads
  9 komodo dragons
  7 rime drakes
  An anaconda simulacrum (IceCv)
  3 polar bears
  10 jumping spiders
  A hornet (Lair:2)
  4 tarantellas
  A tyrant leech (Lair:2)
  26 blink frogs
  4 culicivoras
  A shadow (D:10)
  6 wraiths
  3 wyverns
  A vampire (D:9)
  56 yaks
  A dire elephant simulacrum (IceCv)
  4 basilisks
  A warg (D:10)
  A steam dragon (D:7)
  4 death yak simulacra (IceCv)
  2 swamp worms (Swamp:1)
  23 redbacks
  A harpy simulacrum (IceCv)
  An acid dragon (D:9)
  Edmund (D:4)
  A hydra simulacrum (IceCv)
  12 water moccasins
  8 orc warriors
  A sky beast (D:8)
  2 ice beasts
  4 black bears
  3 ogres (Orc:1)
  4 wolves
  2 centaurs
  A lemure (D:6)
  A phantom (D:6)
  A brain worm (Sewer)
  9 bullfrogs
  A kobold brigand (D:9)
  2 gnoll sergeants
  6 two-headed ogre simulacra (IceCv)
  5 scorpions
  3 elephant simulacra (IceCv)
  6 killer bees
  2 electric eels
  4 hounds
  A jelly (D:5)
  2 gnoll boudas
  11 orc priests
  11 orc wizards
  A hell rat (Lair:5)
  10 spriggan simulacra (IceCv)
  7 troll simulacra (IceCv)
  A wolf simulacrum (IceCv)
  25 gnolls
  15 adders
  4 naga simulacra (IceCv)
  2 river rats (Sewer)
  A shadow imp (D:7)
  8 white imps
  6 ufetubi (IceCv)
  An adder skeleton (D:2)
  2 adder zombies (D:2)
  A dart slug (Sewer)
  5 ribbon worms
  41 orcs
  12 ball pythons
  A bat zombie (D:2)
  6 endoplasms
  5 giant cockroaches
  3 hobgoblins
  11 jackals
  10 kobolds
  2 quokkas
  A ball python skeleton (D:2)
  12 bats
  8 frilled lizards
  8 goblins
  3 quokka skeletons (D:2)
  6 rats
585 creatures vanquished.

Vanquished Creatures (collateral kills)
  A minotaur (Gauntlet)
  An eleionoma (Lair:2)
  A bunyip (Swamp:1)
  Nessos (Lair:5)
  A dire elephant (Lair:5)
  A catoblepas (Gauntlet)
  A goliath frog (Lair:2)
  A yak (Lair:5)
  A swamp worm (Swamp:1)
  A hydra simulacrum (IceCv)
  A wolf (D:10)
  An orc (D:10)
12 creatures vanquished.

Vanquished Creatures (others)
  A bog body (Swamp:1)
1 creature vanquished.

Grand Total: 598 creatures vanquished

Notes
Turn   | Place    | Note
-------+----------+-------------------------------------------
     0 | D:1      | bobo the Minotaur Berserker began the quest for the Orb.
     0 | D:1      | Reached XP level 1. HP: 19/19 MP: 0/0
    28 | D:1      | Reached skill level 4 in Axes
    29 | D:1      | Reached XP level 2. HP: 25/27 MP: 1/1
   241 | D:1      | Reached ** piety under Trog
   328 | D:1      | Reached XP level 3. HP: 34/34 MP: 2/2
   684 | D:2      | Found Rameyskahim's Jewellery Boutique.
  1082 | D:2      | Reached skill level 1 in Throwing
  1099 | D:2      | Reached XP level 4. HP: 41/41 MP: 3/3
  1126 | D:2      | Found a faded altar of an unknown god.
  1735 | D:3      | Found an opulent altar of Gozag.
  1747 | D:3      | Found a broken altar of Ashenzari.
  1817 | D:3      | Reached skill level 5 in Fighting
  1838 | D:3      | Reached skill level 5 in Axes
  1883 | D:3      | Reached XP level 5. HP: 25/48 MP: 4/4
  1892 | D:3      | Found a glowing drain.
  1898 | Sewer    | Entered a sewer
  2141 | Sewer    | Reached *** piety under Trog
  2233 | Sewer    | Reached XP level 6. HP: 57/57 MP: 2/5
  3328 | D:3      | Found an ancient bone altar of Kikubaaqudgha.
  3344 | D:3      | Found a snail-covered altar of Cheibriados.
  3665 | D:4      | Noticed Edmund
  3666 | D:4      | Reached skill level 6 in Axes
  3677 | D:4      | Killed Edmund
  3790 | D:4      | Found a staircase to the Ecumenical Temple.
  3794 | D:4      | Found Wyis's General Store.
  3806 | D:4      | Bought a +2 hat for 192 gold pieces
  3966 | D:4      | Found a white marble altar of Elyvilon.
  4355 | D:4      | Found a hazy altar of Hepliaklqana.
  4412 | D:5      | Entered Level 5 of the Dungeon
  4442 | D:5      | Reached XP level 7. HP: 60/64 MP: 6/6
  4583 | D:5      | Found Giserob's Assorted Antiques.
  4690 | D:5      | Reached skill level 7 in Axes
  4792 | D:5      | Reached XP level 8. HP: 71/73 MP: 7/7
  4844 | D:5      | Reached skill level 5 in Throwing
  4911 | D:5      | Found Rabren's Armour Shop.
  5243 | D:6      | Reached skill level 8 in Axes
  5539 | D:6      | Noticed Pikel
  5550 | D:6      | Killed Pikel
  5551 | D:6      | Reached skill level 9 in Axes
  5633 | D:6      | Identified the +10 arbalest "Aloshe" {drain, Will+ Str+2
                  | Int-4}
  6234 | D:7      | Reached XP level 9. HP: 59/83 MP: 8/8
  6755 | D:7      | You fall into a shaft and drop 2 floors!
  6761 | D:9      | Found a transporter.
  6856 | D:8      | Reached **** piety under Trog
  6887 | D:7      | Reached skill level 10 in Fighting
  6887 | D:7      | Reached skill level 10 in Axes
  6958 | D:5      | Bought a glowing battleaxe for 190 gold pieces
  7663 | D:8      | Reached skill level 11 in Axes
  8260 | D:9      | Reached XP level 10. HP: 94/94 MP: 9/9
  8322 | D:9      | Reached skill level 12 in Axes
  8653 | D:9      | Noticed Joseph
  8669 | D:9      | Killed Joseph
  9299 | D:10     | Entered Level 10 of the Dungeon
  9325 | D:10     | Reached skill level 13 in Axes
  9617 | D:10     | Found a staircase to the Lair.
  9621 | D:10     | Reached XP level 11. HP: 99/104 MP: 10/10
  9783 | D:10     | Noticed a five-headed hydra
  9784 | D:10     | Found a roughly hewn altar of Beogh.
  9784 | D:10     | Found a staircase to the Orcish Mines.
  9898 | D:10     | Reached ***** piety under Trog
 10240 | Lair:1   | Entered Level 1 of the Lair of Beasts
 11000 | Lair:1   | Reached skill level 5 in Armour
 11504 | Lair:1   | Reached skill level 5 in Dodging
 11586 | Lair:2   | Noticed a goliath frog
 11586 | Lair:2   | Found a staircase to the Swamp.
 11611 | Lair:2   | Reached skill level 14 in Axes
 11861 | Lair:2   | Found a gate leading to a gauntlet.
 11867 | Gauntlet | Entered a Gauntlet
 11867 | Gauntlet | Found a transporter.
 11879 | Gauntlet | Noticed a catoblepas
 11906 | Gauntlet | Noticed an arcanist
 11914 | Gauntlet | Found a transporter.
 11929 | Gauntlet | Found a transporter.
 11931 | Gauntlet | Found a large runed translucent door.
 11931 | Gauntlet | Noticed a sixfirhy
 11932 | Gauntlet | Found a large runed translucent door.
 11932 | Gauntlet | Noticed a sixfirhy
 11933 | Gauntlet | Found a large runed translucent door.
 11933 | Gauntlet | Found a large runed translucent door.
 11933 | Gauntlet | Found a runed translucent door.
 11934 | Gauntlet | Found a transporter.
 11935 | Gauntlet | Found a runed translucent door.
 11936 | Gauntlet | Found a large runed translucent door.
 11936 | Gauntlet | Found a large runed translucent door.
 11937 | Gauntlet | Found a large runed translucent door.
 11938 | Gauntlet | Found a large runed translucent door.
 11944 | Gauntlet | Found a large runed translucent door.
 11944 | Gauntlet | Found a large runed translucent door.
 11945 | Gauntlet | Found a large runed translucent door.
 11945 | Gauntlet | Found a large runed translucent door.
 11946 | Gauntlet | Found a large runed translucent door.
 11946 | Gauntlet | Found a large runed translucent door.
 11947 | Gauntlet | Found a runed translucent gate.
 11947 | Gauntlet | Found a runed translucent gate.
 11947 | Gauntlet | Found a runed translucent gate.
 11947 | Gauntlet | Noticed a death yak
 11947 | Gauntlet | Noticed a death yak
 11948 | Gauntlet | Noticed a death yak
 11948 | Gauntlet | Noticed a death yak
 11948 | Gauntlet | Noticed a death yak
 11948 | Gauntlet | Noticed a death yak
 11949 | Gauntlet | Found a transporter.
 11959 | Gauntlet | Found a large runed translucent door.
 11960 | Gauntlet | Found a large runed translucent door.
 11968 | Gauntlet | Found a transporter.
 11970 | Gauntlet | Noticed a sixfirhy
 11978 | Gauntlet | Noticed a death drake
 11980 | Gauntlet | Found a transporter.
 11981 | Gauntlet | Found the ring of the Mage {Wiz Archmagi}
 11990 | Gauntlet | Noticed a quicksilver ooze
 11992 | Gauntlet | Found a transporter.
 12004 | Gauntlet | Found a transporter.
 12004 | Gauntlet | Noticed a lightning spire
 12007 | Gauntlet | Noticed a lightning spire
 12014 | Gauntlet | Noticed a catoblepas
 12016 | Gauntlet | Found a transporter.
 12033 | Gauntlet | Found a transporter.
 12051 | Gauntlet | Found a transporter.
 12053 | Gauntlet | Found a transporter.
 12065 | Gauntlet | Noticed a catoblepas
 12078 | Gauntlet | Found a transporter.
 12096 | Gauntlet | Killed a catoblepas
 12096 | Gauntlet | Received a gift from Trog
 12098 | Gauntlet | Found a transporter.
 12099 | Gauntlet | Found a transporter.
 12275 | Gauntlet | Found a transporter.
 12320 | Gauntlet | Killed a catoblepas
 12321 | Gauntlet | Reached XP level 12. HP: 81/115 MP: 11/11
 12329 | Gauntlet | Identified the +1 cloak of Vehumet's Approval {rElec rF++}
 12571 | Gauntlet | Noticed a minotaur
 12582 | Gauntlet | Killed a minotaur
 12727 | Lair:2   | Noticed an eight-headed hydra
 12738 | Lair:2   | Killed an eight-headed hydra
 12739 | Lair:2   | Reached skill level 1 in Evocations
 13032 | Lair:2   | Found the +11 Singing Sword {sonic wave}
 13314 | Lair:2   | Paralysed by a hornet for 3 turns
 13825 | D:2      | Bought an amulet of regeneration for 390 gold pieces
 14016 | D:10     | Killed a five-headed hydra
 14017 | D:10     | Reached skill level 15 in Axes
 14310 | Lair:3   | Noticed Amaemon
 14323 | Lair:3   | Killed Amaemon
 14717 | Lair:3   | Found a hole to the Spider Nest.
 15232 | Lair:3   | Reached skill level 5 in Evocations
 15242 | Lair:4   | Reached skill level 16 in Axes
 15242 | Lair:4   | Reached XP level 13. HP: 123/125 MP: 12/12
 15318 | Lair:4   | Reached skill level 15 in Fighting
 16243 | Lair:5   | Entered Level 5 of the Lair of Beasts
 16253 | Lair:5   | Noticed Nessos
 16274 | Lair:5   | Killed Nessos
 16410 | Lair:5   | Noticed Josephine
 16419 | Lair:5   | Killed Josephine
 16557 | Lair:5   | Reached skill level 17 in Axes
 16636 | Lair:5   | Found a viscous altar of Jiyva.
 16774 | Lair:5   | Found an iron altar of Okawaru.
 17441 | Lair:5   | Noticed a dire elephant
 17447 | Lair:5   | Killed a dire elephant
 17448 | Lair:5   | Reached XP level 14. HP: 138/138 MP: 13/13
 17911 | Lair:5   | Found a staircase to the Slime Pits.
 18100 | Orc:1    | Entered Level 1 of the Orcish Mines
 18103 | Orc:1    | Found a frozen archway.
 18112 | IceCv    | Entered an ice cave
 18295 | IceCv    | Found the ring of Shadows {Umbra +Inv Stlth+}
 18400 | IceCv    | Received a gift from Trog
 18704 | IceCv    | Noticed a reaper
 18719 | IceCv    | Killed a reaper
 18779 | IceCv    | Identified the +0 scale mail of the Purple Skies {Str-2
                  | Int+4}
 18781 | IceCv    | Identified the +1 scale mail of Elyvilon's Castigation
                  | {rElec rF++ Will+ SInv}
 19010 | Orc:1    | Reached skill level 18 in Axes
 19257 | Orc:1    | Found a bloodstained altar of Trog.
 19453 | Orc:2    | Entered Level 2 of the Orcish Mines
 19453 | Orc:2    | Found a staircase to the Elven Halls.
 19686 | Swamp:1  | Entered Level 1 of the Swamp
 19702 | Swamp:1  | Noticed Nikola
 19915 | Spider:1 | Entered Level 1 of the Spider Nest
 20890 | Spider:2 | Reached XP level 15. HP: 149/149 MP: 14/14
 20901 | Spider:2 | Reached skill level 10 in Evocations
 20976 | Spider:2 | Reached skill level 19 in Axes
 21020 | Spider:2 | Noticed Arachne
 21031 | Spider:2 | HP: 4/150 [Arachne/staff of alchemy (15)]
 21031 | Spider:2 | Slain by Arachne

Illustrated notes

Levels and vault maps discovered:
D:1:      minmay_arrival_radiant_lines, layout_basic
D:2:      layout_basic, serial_undead, serial_undead_c, serial_undead_f,
          serial_undead_d, serial_undead_c, serial_undead_f, serial_undead_a,
          serial_shops, nicolae_shop_just_a_little_nook,
          shapermc_ecumenical_altar_gd
D:3:      layout_basic, nicolae_overflow_quartered_altars,
          mainiacjoe_sewer_entry_somewhere_in_here_1, chequers_mini_garden
D:4:      layout_loops_ring, nicolae_elyvilon_temple_path,
          nicolae_hepliaklqana_hippocampus, minmay_temple_entry_junction_2,
          serial_shops, shop, uniq_edmund
D:5:      layout_loops_cross, serial_shops, kennysheep_little_box,
          kennysheep_windowed_goal
D:6:      layout_basic, uniq_pikel
D:7:      layout_loops_cross, dk_noncrumbling_3
D:8:      layout_rooms
D:9:      layout_irregular_city, fountainhead, hangedman_decor_growths,
          nicolae_diode_basic, uniq_joseph
D:10:     layout_rooms, erik_lair_orcish_takeover, david_orc_5
Lair:1:   layout_cave_pods
Lair:2:   layout_loops_ring, mainiacjoe_swamp_entry_lozenge_pond,
          gauntlet_entry_generic, lemuel_fruit_tree
Lair:3:   layout_layer_cave, nicolae_spider_entry_non_spiders,
          nicolae_lair_grove_arrangements, grunt_megastairs_1, uniq_amaemon
Lair:4:   layout_cave_pods, infiniplex_staircase_pool
Lair:5:   hangedman_lair_in_review, layout_layer_cave,
          minmay_slime_entry_oklob_enclosed, serial_rivers,
          chequers_serial_rivers_small_b, chequers_serial_rivers_micro_c,
          chequers_serial_rivers_large_b, chequers_serial_rivers_small_b,
          chequers_serial_rivers_micro_e, chequers_serial_rivers_small_b,
          basic_altar, st_stairs_11, uniq_josephine, uniq_nessos
Swamp:1:  layout_falls_marsh, hangedman_swamp_blocks, uniq_nikola
Spider:1: layout_spider_delve, hellmonk_narrow_tunnel
Spider:2: layout_cave_pods, uniq_arachne
Orc:1:    layout_caves, basic_altar, portal_ice_cave_entry_pillars_1,
          elves_outpost_lemuel
Orc:2:    st_orc_mages, layout_caves, serial_shops, nicolae_shop_behind_doors

Skill      XL: |  1  2  3  4  5  6  7  8  9 10 11 12 13 14 15 |
---------------+----------------------------------------------+-----
Fighting       | 4 5 6 7 9 10 12 13 14 16 18 | 18.4
Axes           | 4 5 6 7 9 11 13 14 16 17 18 19 | 19.1
Throwing       | 1 2 3 4 5 7 8 9 |  9.0
Armour         | 3 6 7 |  7.0
Dodging        | 3 6 |  6.3
Evocations     | 5 7 9 10 | 10.3

Action                     |  1- 3 |  4- 6 |  7- 9 | 10-12 | 13-15 || total
---------------------------+-------+-------+-------+-------+-------++-------
  Melee: Hand axe          |   101 |   142 |   150 |       |       ||   393
         Headbutt          |    12 |    16 |    31 |    69 |    98 ||   226
         Battleaxe         |       |       |    50 |   334 |   478 ||   862
         Flail             |       |       |       |     3 |    20 ||    23
  Throw: Boomerang         |       |    20 |    36 |   107 |   144 ||   307
         Javelin           |       |       |    11 |       |     3 ||    14
 Invoke: Trog's Hand       |       |     3 |     6 |     8 |    12 ||    29
         Berserk           |       |     2 |     4 |     4 |     8 ||    18
         Brothers in Arms  |       |       |       |     2 |     6 ||     8
  Evoke: Wand              |       |       |       |    10 |     1 ||    11
         Phantom mirror    |       |       |       |     1 |     1 ||     2
    Use: Scroll            |       |     6 |     4 |     4 |    20 ||    34
         Potion            |       |       |       |     3 |     7 ||    10
   Stab: Sleeping          |       |     1 |       |       |     1 ||     2
         Petrified         |       |       |       |       |     2 ||     2
 Armour: Animal skin       |    13 |       |       |       |       ||    13
         Robe              |    45 |    81 |       |       |       ||   126
         Leather armour    |     6 |       |       |       |       ||     6
         Ring mail         |       |    16 |    75 |    90 |   185 ||   366
         Steam dragon scal |       |       |    87 |    74 |       ||   161
         Quicksilver drago |       |       |       |   198 |   449 ||   647
  Dodge: Dodged            |    72 |   123 |   149 |   263 |   376 ||   983

Table legend: (Time is in decaauts)
 A = Elapsed time spent in this place.
 B = Non-inter-level travel time spent in this place.
 C = Inter-level travel time spent in this place.
 D = Time resting spent in this place.
 E = Time spent auto-exploring this place.
 F = Levels seen in this place.
 G = Mean time per level.
                   A        B        C        D        E       F      G
               +--------+--------+--------+--------+--------+-----+--------+
         Total |  21410 |  19700 |   1710 |   1839 |  13827 |  23 |  930.9 |
       Dungeon |   9946 |   8943 |   1003 |    287 |   7046 |  10 |  994.6 |
          Lair |   7101 |   6531 |    570 |    776 |   4744 |   5 | 1420.2 |
         Swamp |     46 |     46 |      0 |      0 |      0 |   1 |   46.0 |
   Spider Nest |    768 |    758 |     10 |     25 |    474 |   2 |  384.0 |
  Orcish Mines |    760 |    635 |    125 |      0 |    427 |   2 |  380.0 |
         Sewer |   1216 |   1216 |      0 |    230 |    721 |   1 | 1216.0 |
      Ice Cave |    819 |    819 |      0 |    151 |    225 |   1 |  819.0 |
      Gauntlet |    751 |    751 |      0 |    370 |    188 |   1 |  751.0 |
               +--------+--------+--------+--------+--------+-----+--------+

Top non-repeatable levels by time:
  Lair:5: 1761 daAuts
  Lair:2: 1733 daAuts
  Lair:1: 1633 daAuts
     D:9: 1390 daAuts
   Sewer: 1216 daAuts
     D:2: 1176 daAuts
    D:10: 1175 daAuts
     D:6: 1113 daAuts
     D:4: 1035 daAuts
  Lair:4: 1032 daAuts
     D:7: 962 daAuts
  Lair:3: 940 daAuts
     D:8: 833 daAuts
     D:5: 833 daAuts
   IceCv: 819 daAuts
